Match 41021885
Unlisted

Match 41021885
End
Panzergrenadier Squad
Selects Armored Support Battlegroup
Selects Armored Support Battlegroup
Panzergrenadier Squad
250 Light Carrier
Panzergrenadier Squad
Selects Salvage Kits
Construct Light Support Kompanie
Fire Support Elements
Flakvierling Half-track
Selects Veteran Gunners
Panzergrenadier Squad
Selects Flammpanzer III Medium Tank
Construct Panzerarmee Kommand
Veteran Squad Leaders
Panzergrenadier Squad
Panzer III L Medium Tank
2.5-tonne Medical Truck
Tungsten Core Ammunition
Panzer III L Medium Tank
Rapid Advance
Selects Command Panzer IV F Medium Tank
Advanced Field Repairs
Command Panzer IV F Medium Tank
Panzer III L Medium Tank
Vehicle Survival Package
BIOHAZARD
john_wik
=BIA=Daghito
Gorgolo
Turamarth
Cactusgreymon
The General
iTz FoY
0
0

Comments sign in to comment!

No comments posted yet!